AoeStats
← Flörider

Nomad

510855185Analyzed
3v3 RM · 13h ago on Oct 2, 2026· 58m 26s· 6 players
Game mode
Random Map
Map size
210×210
Population
200
Speed
Normal
Resources
Standard
Victory
Conquest
Starting age
Dark Age
Ending age
Imperial Age
RankedLock teamsTeams togetherTeam positionsShared explorationLock speedFull tech treeHidden civsTurbo modeCheats
Victory
Defeat
🇩🇪 Japanese · Germany
1080
+14
🇩🇪 Varangians · Germany
1017
+17
🇧🇪 Vietnamese · Belgium
1007
+17
🇲🇰 Saracens · North Macedonia
1102
-19
🇨🇴 Maya · Colombia
1017
-15
🇺🇸 Bohemians · United States
995
-14
KYNTERO
4:08 Loom
15:31 Feudal Age
23:47 Castle Age
26:53 Horse Collar
27:22 Gold Mining
27:20 Double-Bit Axe
27:34 Stone Mining
28:32 Medium Warships
28:06 Fishing Lines
29:03 Gillnets
32:28 Stone Shaft Mining
34:37 Imperial Age
33:00 Wheelbarrow
32:11 Town Watch
32:32 Heavy Plow
32:44 Bow Saw
35:52 Fletching
36:02 Padded Archer Armor
36:39 Holcans
36:31 Conscription
36:47 Bodkin Arrow
38:13 Heavy Warships
40:16 Hoardings
40:55 Eagle Warrior
41:43 Pikeman
43:23 Halberdier
45:27 Fortified Wall
45:39 Ballistics
46:20 Chemistry
45:31 Masonry
47:13 Elite Eagle Warrior
47:55 Squires
47:41 Arson
50:02 Forging
49:53 Scale Mail Armor
49:23 Elite Plumed Archer
52:09 Murder Holes
57:57 Iron Casting
57:37 Chain Mail Armor
deshoman
14:17 Feudal Age
15:34 Man-at-Arms
26:07 Castle Age
27:53 Castle Age
Illusion_ecs_crew
13:05 Feudal Age
14:17 Double-Bit Axe
18:19 Castle Age
19:04 Horse Collar
21:01 Bow Saw
24:42 Wheelbarrow
25:40 Gold Mining
25:45 Stone Mining
26:19 Forging
26:53 Hand Cart
33:29 Imperial Age
33:34 Loom
37:38 Scale Barding Armor
38:58 Forging
39:57 Elite Mameluke
42:15 Bloodlines
43:18 Chain Barding Armor
44:44 Iron Casting
52:56 Blast Furnace
52:12 Herbal Medicine
54:21 Plate Barding Armor
Oracio
11:32 Loom
14:07 Feudal Age
15:40 Wheelbarrow
14:51 Town Watch
15:28 Horse Collar
15:36 Double-Bit Axe
15:34 Fishing Lines
20:54 Castle Age
18:55 Gold Mining
18:56 Stone Mining
21:58 Hand Cart
22:03 Gillnets
23:30 Heavy Plow
23:54 Bow Saw
26:19 Squires
27:01 Masonry
26:32 Treadmill Crane
27:59 Murder Holes
29:11 Ballistics
29:08 Arson
30:00 Scale Mail Armor
30:11 Forging
30:02 Padded Archer Armor
31:15 Fortified Wall
31:19 Fletching
32:37 Chain Mail Armor
32:53 Town Patrol
33:58 Iron Casting
33:25 Padded Archer Armor
33:48 Pikeman
37:36 Imperial Age
36:09 Leather Archer Armor
37:48 Chatras
38:10 Scale Barding Armor
38:02 Bodkin Arrow
38:17 Husbandry
38:28 Bloodlines
39:58 Two-Man Saw
39:41 Crop Rotation
40:58 Elite Fire Lancer
42:18 Elite Battle Elephant
44:28 Chain Barding Armor
44:09 Bracer
44:42 Plate Mail Armor
44:44 Ring Archer Armor
45:49 Chemistry
44:54 Siege Engineers
45:58 Plate Barding Armor
45:27 Bracer
45:57 Ring Archer Armor
46:05 Sappers
47:22 Stone Shaft Mining
47:26 Hoardings
47:23 Halberdier
53:05 Heated Shot
58:58 Paper Money
Turaliyon
3:11 Loom
14:04 Feudal Age
20:14 Castle Age
18:57 Stone Mining
18:55 Double-Bit Axe
18:53 Horse Collar
19:34 Gold Mining
21:30 Fletching
37:09 Bow Saw
37:01 Heavy Plow
37:21 Forging
37:14 Scale Mail Armor
37:34 Pikeman
38:53 Wheelbarrow
38:03 Town Watch
41:47 Imperial Age
39:47 Elite Skirmisher
42:02 Hand Cart
41:55 Squires
46:00 Conscription
48:37 Husbandry
48:48 Bloodlines
47:58 Light Cavalry
48:02 Imperial Skirmisher
48:08 Halberdier
48:33 Arson
50:39 Cavalier
53:45 Ballistics
53:21 Murder Holes
54:27 Chemistry
53:38 Masonry
53:46 Gambesons
Flörider
4:49 Loom
13:18 Feudal Age
14:14 Double-Bit Axe
14:31 Man-at-Arms
15:39 Scale Mail Armor
16:13 Fletching
23:05 Castle Age
22:52 Forging
23:17 Long Swordsman
24:24 Medium Warships
24:52 Bodkin Arrow
25:22 Bloodlines
26:48 Scale Barding Armor
28:07 Wheelbarrow
28:03 Bow Saw
29:08 Chain Barding Armor
30:22 Chain Mail Armor
32:11 Iron Casting
34:35 Murder Holes
39:15 Imperial Age
37:52 Padded Archer Armor
38:44 Ballistics
38:26 Elite Skirmisher
40:19 Conscription
39:30 Imperial Skirmisher
41:59 Conscription
41:49 Thumb Ring
46:21 Leather Archer Armor
46:47 Crossbowman
48:54 Ring Archer Armor
49:25 Arson
49:18 Arbalester
50:37 Horse Collar
51:38 Bracer
52:43 Chemistry
54:08 Blast Furnace
55:00 Elite Samurai
Connection lost

Rejoining the realm…

Still unreachable

The connection could not be restored.

Session expired

The server has moved on; the page needs a fresh start.